 Dungeon Crawl Stone Soup version 0.31-a0-986-g5e6e4ef867 (webtiles) character file.

Game seed: 5604938553323859065

69 Fodor the Covered (level 4, -1/40 HPs)
             Began as a Minotaur Fighter on Nov 24, 2023.
             Slain by Grinder (8 damage)
             ... on level 3 of the Dungeon.
             The game lasted 00:06:56 (1492 turns).

Fodor the Covered (Minotaur Fighter)                Turns: 1492, Time: 00:06:57

Health: -1/40      AC:  9    Str: 23    XL:     4   Next: 2%
Magic:  3/3        EV:  8    Int:  5    God:
Gold:   58         SH:  4    Dex:  9    Spells: 3/3 levels left

rFire   . . .        a - +0 war axe
rCold   . . .        c - +0 buckler
rNeg    . . .        f - +0 chain mail
rPois   .            (helmet restricted)
rElec   .            (no cloak)
rCorr   .            (no gloves)
SInv    .            (no boots)
Will    .....        (no amulet) Stlth
                     (no ring)
HPRegen 0.26/turn    (no ring)
MPRegen 0.08/turn

%: no passive effects
@: no status effects
A: horns 2, retaliatory headbutt
a: no special abilities


You were on level 3 of the Dungeon.
You visited 1 branch of the dungeon, and saw 3 of its levels.

You collected 58 gold pieces.

Inventory:

Hand Weapons
 a - a +0 war axe (weapon)
Armour
 c - a +0 buckler (worn)
 f - a +0 chain mail (worn)
Scrolls
 b - 2 scrolls of immolation {unknown}
 g - a scroll of teleportation {unknown}
 i - a scroll of revelation {unknown}
 j - a scroll of identify {unknown}
 k - a scroll of amnesia {unknown}
Potions
 d - a potion of might
 e - 2 potions of brilliance {unknown}
 h - a potion of curing {unknown}
 l - a potion of heal wounds {unknown}
 m - a potion of mutation {unknown}


   Skills:
 + Level 4.2 Fighting
 + Level 3.3 Axes
 + Level 4.6 Armour
 + Level 0.1 Dodging
 + Level 4.1 Shields


You had 3 spell levels left.
You didn't know any spells.
Your spell library was empty.

Dungeon Overview and Level Annotations

Branches:
Dungeon (3/15)

Altars:
Trog

Annotations:
D:3 Grinder


Innate Abilities, Weirdness & Mutations

You have a pair of horns on your head.
You reflexively headbutt those who attack you in melee.


Message History

You kill the orc!
You have reached level 4!
You feel stronger.
Grinder is nearby!
Things that are here:
a +0 dagger; a +0 leather armour You start resting.
Grinder is nearby!
Grinder gestures at you.
You suddenly lose the ability to move!
Grinder says, "FISH!"
Grinder blinks!
Grinder gestures at you. Pain shoots through your body!
You can move again.
You block Grinder's attack.
You closely miss Grinder.
Grinder is moderately wounded.
Grinder closely misses you. Grinder hits you.
You writhe in agony.
You barely miss Grinder.
Grinder is moderately wounded.
Grinder barely misses you.
You barely miss Grinder. Your headbutt misses Grinder.
Grinder is moderately wounded.
Grinder closely misses you.
You hit Grinder.
Grinder is moderately wounded.
You block Grinder's attack. Grinder hits you but does no damage.
You hit Grinder.
Grinder is heavily wounded.
Grinder hits you.
You writhe in agony.
You closely miss Grinder.
Grinder is heavily wounded.
Grinder hits you.
* * * LOW HITPOINT WARNING * * *
You writhe in agony.
* * * LOW HITPOINT WARNING * * *
Grinder hits you!
You die...
Grinder says, "Now the real fun starts!"

#........# #.............##.
#........# #...........)....
#........#.##...............
#.............#.....).......
#.......###.###.............
#......†....#)'....§......†.
#...####...##)#...........#.
#...# #....).#...........#.
#...# #|..@###########...#.
#...# ###'#5# #...#. #####
#...#.# #####. #.#.#.# #.
#.###.# ## #.....# #######


You could see Grinder.

Vanquished Creatures
  3 dart slugs (D:1)
  5 orcs (D:3)
  4 endoplasms
  4 giant cockroaches
  2 goblins
  4 hobgoblins
  7 jackals
  A quokka (D:1)
  2 ball pythons (D:1)
  8 bats
  A frilled lizard (D:3)
  5 kobolds
  7 rats
53 creatures vanquished.

Notes
Turn   | Place    | Note
-------+----------+-------------------------------------------
     0 | D:1      | Fodor the Minotaur Fighter began the quest for the Orb.
     0 | D:1      | Reached XP level 1. HP: 19/19 MP: 0/0
   168 | D:1      | Reached XP level 2. HP: 26/27 MP: 1/1
   502 | D:1      | Reached XP level 3. HP: 33/33 MP: 2/2
  1213 | D:2      | Found a bloodstained altar of Trog.
  1438 | D:3      | Noticed Grinder
  1463 | D:3      | Paralysed by Grinder for 4 turns
  1476 | D:3      | Reached XP level 4. HP: 22/40 MP: 3/3
  1481 | D:3      | Paralysed by Grinder for 5 turns
  1492 | D:3      | Slain by Grinder

Illustrated notes

Levels and vault maps discovered:
D:1:      lemuel_arrival_muddy, layout_loops_cross
D:2:      layout_basic, basic_altar
D:3:      layout_basic, mainiacjoe_overflow_boulevard, uniq_grinder

Skill      XL: |  1  2  3 |
---------------+----------+-----
Armour         | 4 |  4.6
Fighting       | 4 |  4.2
Shields        | 4 |  4.1
Axes           | 3 |  3.3
Dodging        | |  0.1

Action                     |  1- 3 |  4- 6 || total
---------------------------+-------+-------++-------
  Melee: War axe           |    96 |     6 ||   102
         Headbutt          |    10 |       ||    10
 Armour: Scale mail        |     9 |       ||     9
         Chain mail        |    90 |     5 ||    95
  Dodge: Dodged            |    66 |     3 ||    69
  Block: Buckler           |    34 |     2 ||    36

Table legend: (Time is in decaauts)
 A = Elapsed time spent in this place.
 B = Non-inter-level travel time spent in this place.
 C = Inter-level travel time spent in this place.
 D = Time resting spent in this place.
 E = Time spent auto-exploring this place.
 F = Levels seen in this place.
 G = Mean time per level.
                   A        B        C        D        E       F      G
               +--------+--------+--------+--------+--------+-----+--------+
         Total |   1532 |   1425 |    107 |      2 |      0 |   3 |  510.7 |
       Dungeon |   1532 |   1425 |    107 |      2 |      0 |   3 |  510.7 |
               +--------+--------+--------+--------+--------+-----+--------+

Top non-repeatable levels by time:
     D:1: 741 daAuts
     D:2: 577 daAuts
     D:3: 213 daAuts
